 Dungeon Crawl Stone Soup version 0.31-a0-1603-gbec6b6ccbf (webtiles) character file.

Game seed: 15007781859377121194

1904 MisterAzrael the Geomancer (level 8, -2/41 HPs)
             Began as a Deep Elf Earth Elementalist on Jan 7, 2024.
             Was a Believer of Vehumet.
             Slain by an orc warrior
             ... wielding a +3 scimitar
              (14 damage)
             ... on level 7 of the Dungeon.
             The game lasted 00:12:31 (6386 turns).

MisterAzrael the Geomancer (DEEE)                   Turns: 6386, Time: 00:12:32

Health: -2/41      AC:  2    Str: 12    XL:     8   Next: 94%
Magic:  15/21      EV: 12    Int: 26    God:    Vehumet [**....]
Gold:   386        SH:  0    Dex: 15    Spells: 9/21 levels left

rFire   . . .        l - +5 spear "Ynniam" {heavy, Str+7 Int+3}
rCold   . . .        (no shield)
rNeg    . . .        a - +0 robe
rPois   .            (no helmet)
rElec   .            (no cloak)
rCorr   .            (no gloves)
SInv    .            (no boots)
Will    .....        s - amulet of faith
Stlth   ++           (no ring)
HPRegen 0.26/turn    (no ring)
MPRegen 0.17/turn

%: faith
@: no status effects
A: no striking features
a: Renounce Religion


You were on level 7 of the Dungeon.
You worshipped Vehumet.
Vehumet was pleased with you.
You visited 1 branch of the dungeon, and saw 7 of its levels.
You also visited: Sewer.

You collected 386 gold pieces.

Inventory:

Hand Weapons
 l - the +5 spear "Ynniam" (weapon) {heavy, Str+7 Int+3}
   (You found it on level 3 of the Dungeon)

   Str+7:     It affects your strength (+7).
   Int+3:     It affects your intelligence (+3).
Armour
 a - a +0 robe (worn)
 c - a +0 helmet
Jewellery
 s - an amulet of faith (around neck)
 w - a +6 ring of dexterity
Wands
 n - a wand of roots (13)
 p - a wand of paralysis (9)
Scrolls
 d - 8 scrolls of teleportation
 e - 2 scrolls of enchant weapon
 h - 2 scrolls of enchant armour
 i - 3 scrolls of immolation
 m - a scroll of revelation {unknown}
 q - a scroll of fog
 r - a scroll of poison {unknown}
 t - 2 scrolls of identify
Potions
 b - a potion of heal wounds {unknown}
 f - 2 potions of mutation
 g - 2 potions of berserk rage
 j - 3 potions of curing
 k - a potion of brilliance {unknown}
 o - 2 potions of attraction {unknown}
 u - a potion of enlightenment {unknown}
 v - a potion of degeneration {unknown}


   Skills:
 - Level 2.4 Dodging
 - Level 2.4 Stealth
 + Level 7.4 Spellcasting
 * Level 8.0 Conjurations
 * Level 8.7 Earth Magic


You had 9 spell levels left.
You knew the following spells:

 Your Spells              Type           Power      Damage    Failure   Level
a - Sandblast             Erth           100%       2d20      1%          1
b - Stone Arrow           Conj/Erth      100%       3d13      1%          3
c - Brom's Barrelling Bo  Conj/Erth      52%        2d7       1%          4
d - Petrify               Alch/Erth      32%        N/A       10%         4

Your spell library contained the following spells:

 Spells                   Type           Power      Damage    Failure   Level
 Sting                    Conj/Alch      100%       1d9       1%          1
 Passwall                 Erth           53%        N/A       1%          3
 Lesser Beckoning         Tloc           18%        N/A       9%          2
 Gell's Gravitas          Tloc           9%         N/A       19%         3
 Teleport Other           Tloc           9%         N/A       19%         3


Dungeon Overview and Level Annotations

Branches:
Dungeon (7/15)             Temple (0/1) D:5           Sewer (visited)

Altars:
Sif Muna
Vehumet
Xom

Shops:
D:1 ?


Message History

The orc wizard is heavily wounded.
The orc wizard is knocked back.
The orc warrior throws a boomerang.
The boomerang hits you.
The boulder barrels into the orc wizard!
The orc wizard is severely wounded.
The orc wizard is knocked back.
Casting: Brom's Barrelling Boulder (dangerous; 1% risk of failure)
Confirm with . or Enter, or press ? or * to list all spells.
Aiming: Petrify (quite dangerous; 10% risk of failure)
Press: ? - help, Shift-Dir - straight line, f - orc warrior, p - orc wizard
Aim: an orc warrior, wielding a +3 scimitar, wearing a +0 chain mail and quivering boomerangs (sparse dust, chance to affect: 62%)
The orc warrior is moving more slowly.
The orc warrior throws a boomerang.
The boomerang barely misses you.
The orc warrior stops moving altogether!
Aiming: Sandblast (safe; 1% risk of failure)
Press: ? - help, Q - select action, (/) - cycle Shift-Dir - straight line, f - orc wizard
Aim: an orc wizard, wielding a +0 dagger and wearing a +0 robe (severely wounded, 82% to hit)
The blast of sand hits the orc wizard.
You kill the orc wizard!
Vehumet accepts your kill.
Things that are here:
a +0 dagger; a +0 robe The helpless orc warrior fails to defend itself.
You hit the orc warrior.
The orc warrior is lightly wounded.
The helpless orc warrior fails to defend itself.
You puncture the orc warrior!
The orc warrior is lightly wounded.
The helpless orc warrior fails to defend itself.
You puncture the orc warrior!
You punch the orc warrior, but do no damage.
The orc warrior is heavily wounded.
The orc warrior is no longer petrified.
The orc warrior misses you.
The orc warrior hits you with a +3 scimitar!
You barely miss the orc warrior.
The orc warrior is heavily wounded.
The orc warrior hits you with a +3 scimitar!
* * * LOW HITPOINT WARNING * * *
The orc warrior hits you with a +3 scimitar!
You die...

...... #.#........
###...####.#.......####+
........##.#............
#..)...[)#.#............
####...#.#.#..............
.......#...#..#+#.........
#########.....#.#... .....
##.#<...#.## .....
#+#...o@..#......
......#.#..#......
.......+.#.).......
#.......#.#...~~~~~~
#.....>.......~#####
#...#######...~# .)..
.#..~# #.#.$~# #+#..~#


You could see an orc warrior.

Vanquished Creatures
  The ghost of Azoth the Slasher, a novice DsGl of Ru (D:5)
  2 ice beasts
  A black bear (D:6)
  A crocodile (Sewer)
  An ogre (D:5)
  2 phantoms
  A brain worm (Sewer)
  3 scorpions
  3 howler monkeys (D:5)
  A bombardier beetle (D:6)
  5 hounds
  A jelly (D:6)
  2 orc priests
  2 sleepcaps
  Natasha (D:4)
  Ijyb (D:4)
  3 iguanas
  3 orc wizards
  An adder (D:3)
  A white imp (D:5)
  4 ufetubi (D:6)
  4 dart slugs
  15 orcs
  9 bats
  4 endoplasms
  2 giant cockroaches
  7 goblins
  9 hobgoblins
  7 jackals
  10 kobolds
  3 quokkas
  7 ball pythons
  2 frilled lizards
  9 rats
128 creatures vanquished.

Vanquished Creatures (collateral kills)
  4 boulders
4 creatures vanquished.

Vanquished Creatures (others)
  3 boulders
3 creatures vanquished.

Grand Total: 135 creatures vanquished

Notes
Turn   | Place    | Note
-------+----------+-------------------------------------------
     0 | D:1      | MisterAzrael the Deep Elf Earth Elementalist began the
                  | quest for the Orb.
     0 | D:1      | Reached XP level 1. HP: 10/10 MP: 6/6
   141 | D:1      | Reached XP level 2. HP: 15/15 MP: 4/8
   195 | D:1      | Found a faded altar of an unknown god.
   556 | D:1      | Reached XP level 3. HP: 19/19 MP: 7/9
   560 | D:1      | Learned a level 3 spell: Stone Arrow
   786 | D:1      | Found Zuulyxio's Magic Scroll Shop.
  1577 | D:2      | Identified the +5 ring mail of Negligence {rPois rC+}
  2307 | D:3      | Reached XP level 4. HP: 21/24 MP: 9/11
  2637 | D:3      | Identified the +5 spear "Ynniam" {heavy, Str+7 Int+3}
  2684 | D:4      | Found a radiant altar of Vehumet.
  2700 | D:4      | Became a worshipper of Vehumet
  2718 | D:4      | Noticed Natasha
  2724 | D:4      | Killed Natasha
  2724 | D:4      | Noticed a phantom
  2728 | D:4      | Killed a phantom
  2729 | D:4      | Reached skill level 5 in Earth Magic
  2729 | D:4      | Reached XP level 5. HP: 27/28 MP: 6/13
  2877 | D:4      | Noticed Ijyb
  2879 | D:4      | Killed Ijyb
  2974 | D:4      | Noticed an ice beast
  2979 | D:4      | Killed an ice beast
  2980 | D:4      | Reached XP level 6. HP: 14/32 MP: 8/15
  3560 | D:5      | Entered Level 5 of the Dungeon
  3567 | D:5      | Reached * piety under Vehumet
  3567 | D:5      | Offered knowledge of Foxfire by Vehumet.
  3568 | D:5      | Reached skill level 5 in Spellcasting
  3573 | D:5      | Learned a level 4 spell: Brom's Barrelling Boulder
  3578 | D:5      | Learned a level 4 spell: Petrify
  3618 | D:5      | Reached skill level 5 in Conjurations
  3626 | D:5      | Reached XP level 7. HP: 29/36 MP: 1/16
  3633 | D:5      | Identified the +3 flail "Qipot" {venom, *Noise Will+ Int+2
                  | Dex+5}
  3677 | D:5      | Found a glowing drain.
  3689 | Sewer    | Entered a sewer
  4150 | D:5      | Found a large runed translucent door.
  4160 | D:5      | Reached XP level 8. HP: 41/41 MP: 14/19
  4248 | D:5      | Found a shimmering blue altar of Sif Muna.
  4248 | D:5      | Found a shimmering altar of Xom.
  4552 | D:5      | Found a large runed translucent door.
  4557 | D:5      | Noticed Azoth's ghost (novice DsGl)
  5079 | D:5      | Found a staircase to the Ecumenical Temple.
  5253 | D:5      | Killed Azoth's ghost
  5778 | D:6      | Reached ** piety under Vehumet
  5819 | D:6      | HP: 1/41 [iguana (10)]
  5820 | D:6      | Offered knowledge of Sting by Vehumet.
  6386 | D:7      | Slain by an orc warrior

Illustrated notes

Levels and vault maps discovered:
D:1:      dpeg_arrival_rooms_c, layout_basic, ebering_ecumenical_altar_webs,
          serial_shops, nicolae_shop_rolled_up
D:2:      layout_basic, hangedman_abyss_or_decor_stabs, minmay_misc_feat_x,
          grunt_ministairs_10, minmay_misc_feat_iff
D:3:      layout_basic, minmay_misc_feat_roman
D:4:      kennysheep_big_flooded_room, layout_basic,
          mainiacjoe_overflow_alcove_4, uniq_ijyb, uniq_natasha
D:5:      layout_layer_cave, gammafunk_temple_overflow_elements,
          minmay_temple_entry_poolview, cheibrodos_sewer_entry_sluice,
          ebering_ghost_disaster_area, kennysheep_generic_room_4
D:6:      layout_loops_ring
D:7:      layout_basic, enter_bailey_3

Skill      XL: |  1  2  3  4  5  6  7  8 |
---------------+-------------------------+-----
Conjurations   | 2 3 4 5 6 8 |  8.0
Earth Magic    | 4 5 6 7 8 |  8.7
Spellcasting   | 4 5 6 7 |  7.4
Dodging        | |  2.4
Stealth        | |  2.4

Action                     |  1- 3 |  4- 6 |  7- 9 || total
---------------------------+-------+-------+-------++-------
  Melee: Unarmed           |     2 |       |       ||     2
         Spear             |       |    15 |    26 ||    41
         Punch             |       |       |     1 ||     1
   Cast: Sandblast         |    66 |    30 |    45 ||   141
         Stone Arrow       |       |    10 |     8 ||    18
         Brom's Barrelling |       |     1 |    12 ||    13
         Petrify           |       |       |     1 ||     1
    Use: Potion            |       |     1 |     2 ||     3
         Scroll            |       |       |    10 ||    10
   Stab: Sleeping          |       |     2 |       ||     2
         Petrified         |       |       |     3 ||     3
 Armour: Robe              |     6 |    18 |    45 ||    69
  Dodge: Dodged            |     5 |    18 |    44 ||    67

Table legend: (Time is in decaauts)
 A = Elapsed time spent in this place.
 B = Non-inter-level travel time spent in this place.
 C = Inter-level travel time spent in this place.
 D = Time resting spent in this place.
 E = Time spent auto-exploring this place.
 F = Levels seen in this place.
 G = Mean time per level.
                   A        B        C        D        E       F      G
               +--------+--------+--------+--------+--------+-----+--------+
         Total |   6492 |   6336 |    156 |    604 |   4829 |   8 |  811.5 |
       Dungeon |   6237 |   6081 |    156 |    489 |   4730 |   7 |  891.0 |
         Sewer |    254 |    254 |      0 |    115 |     99 |   1 |  254.0 |
               +--------+--------+--------+--------+--------+-----+--------+

Top non-repeatable levels by time:
     D:5: 1589 daAuts
     D:1: 1267 daAuts
     D:6: 984 daAuts
     D:4: 914 daAuts
     D:2: 739 daAuts
     D:3: 692 daAuts
   Sewer: 254 daAuts
     D:7: 51 daAuts
